 Dungeon Crawl Stone Soup version 0.28.0-47-ge53b351184 (webtiles) character file.

Game seed: 3514960911221053998

2749 101zpm the Thaumaturge (level 10, -15/61 HPs)
             Began as a Djinni Fire Elementalist on May 3, 2022.
             Killed by divine providence
             ... invoked by an orc priest
              (16 damage)
             ... on level 6 of the Dungeon on May 4, 2022.
             The game lasted 00:16:16 (10922 turns).

101zpm the Thaumaturge (Djinni Fire Elementalist)  Turns: 10922, Time: 00:16:17

Health: -15/61     AC:  2    Str: 13    XL:     10   Next: 0%
Gold:   277        EV: 12    Int: 21    God:
                   SH:  0    Dex: 14

rFire   + + .      SeeInvis .   (no weapon)
rCold   x . .      Faith    .   u - orb {mayhem}
rNeg    . . .      Spirit   .   a - +0 robe
rPois   ∞          Reflect  .   (no helmet)
rElec   .          Harm     .   (no cloak)
rCorr   .          Rampage  .   (no gloves)
Will    +....                   (boots unavailable)
Stlth   ++........              (no amulet)
HPRegen 0.20/turn               c - +6 ring of strength
MPRegen 0.00/turn               (no ring)

@: flying
A: sickness immunity, fire resistance 2, cold vulnerability 1, float, innate
caster, HP casting, extra vitality 1
a: no special abilities


You were on level 6 of the Dungeon.
You visited 1 branch of the dungeon, and saw 6 of its levels.

You collected 277 gold pieces.

Inventory:

Armour
 a - a +0 robe (worn)
 u - an orb of mayhem (worn)
Jewellery
 c - a +6 ring of strength (left hand)
 m - a ring of ice
 w - a +4 ring of evasion
Wands
 t - a wand of flame (23)
Scrolls
 d - 3 scrolls of identify {unknown}
 f - a scroll of noise {unknown}
 i - 2 scrolls of fog {unknown}
 k - 3 scrolls of enchant armour {unknown}
 n - 3 scrolls of teleportation {unknown}
 p - a scroll of fear {unknown}
 r - a scroll of amnesia {unknown}
 s - a scroll of immolation {unknown}
Potions
 b - a potion of mutation {unknown}
 e - a potion of resistance
 g - a potion of flight {unknown}
 h - a potion of heal wounds {unknown}
 j - a potion of ambrosia {unknown}
 l - a potion of might {unknown}
 o - a potion of curing {unknown}
 q - a potion of brilliance {unknown}
 v - a potion of magic {unknown}


   Skills:
 + Level 0.3 Fighting
 + Level 2.6 Dodging
 + Level 3.6 Stealth
 + Level 9.9 Spellcasting


You had 6 spell levels left.
You knew the following spells:

 Your Spells              Type           Power      Damage    Failure   Level
a - Foxfire               Conj/Fire      100%       2x1d9     1%          1
b - Scorch                Fire           100%       2d10      1%          2
c - Conjure Flame         Conj/Fire      51%        6-21      1%          3
d - Inner Flame           Hex/Fire       51%        N/A       1%          3
e - Flame Wave            Conj/Fire      51%        2d10      1%          4
f - Sting                 Tmut/Pois      100%       1d8       1%          1
g - Passwall              Tmut/Erth      42%        N/A       1%          2
h - Call Imp              Summ           51%        N/A       1%          2
i - Airstrike             Air            25%        N/A       1%          4
Your spell library was empty.

Dungeon Overview and Level Annotations

Branches:
Dungeon (6/15)
 Temple: D:4-7

Altars:
Dithmenos
Vehumet
Xom
Zin


Innate Abilities, Weirdness & Mutations

You are immune to sickness and miasma.
You are immune to poison.
Your flesh is very heat resistant. (rF++)
You are vulnerable to cold. (rC-)
You float through the air rather than walking.
You learn spells naturally, not from books.
Your magical power is your life essence.
You have superior vitality. (+4 MHP)


Message History

Aiming: Inner Flame (safe; 1% risk of failure)
Press: ? - help, Dir - move target, f - orc
Aim: an orc, wielding a +0 mace, wearing a +0 ring mail and quivering stones (chance to affect: 98%)
The orc is filled with an inner flame.
* * * LOW HITPOINT WARNING * * *
The foxfire hits the orc.
Flame seeps out of the orc.
The orc is almost dead.
The foxfire hits the orc.
The orc explodes!
You hear a shout! x2
Casting: Foxfire (safe; 1% risk of failure)
Press: ? - help, Q - select action, (/) - cycle Dir - look around, f - activate You conjure some foxfire!
* * * LOW HITPOINT WARNING * * *
The foxfire hits the orc but does no damage.
The foxfire hits the orc!
The orc explodes!
You hear a shout!
You start resting.
An orc comes into view. It is wielding a +0 dagger.
Casting: Foxfire (safe; 1% risk of failure)
Confirm with . or Enter, or press ? or * to list all spells.
Aiming: Inner Flame (safe; 1% risk of failure)
Press: ? - help, Dir - move target, f - orc
Aim: an orc, wielding a +0 dagger and wearing a +0 ring mail (ally target, chance to affect: 98%)
The orc is filled with an inner flame.
* * * LOW HITPOINT WARNING * * *
The foxfire hits the orc but does no damage.
Your foxfire dissipates!
An orc comes into view.
It is wielding a +2 long sword of protection.
An orc priest comes into view. It is wielding a +0 flail.
Casting: Foxfire (safe; 1% risk of failure)
Press: ? - help, Q - select action, (/) - cycle Dir - look around, f - activate You conjure some foxfire!
The orc shouts!
The orc priest shouts!
* * * LOW HITPOINT WARNING * * *
The orc priest mumbles some strange prayers to Beogh against you.
Beogh smites you!
You die...

...... #..#.. .o..o..
.#... ...o§§§ .##... ..
..§§§§§ ..#.###.#######
.§.)§§§ #.#.##.. #[....
...§§.. #.#....#
#.....##....... .....##
#....§#v.......
......####......@.......
..............§.v........
<...#...#......§.○°......
...............§☼........
.................°......#
........#................
....###...............##
#..## ##......#......##
..#####...#.###......#


You could see an orc priest (ally target) and 2 orcs.

Vanquished Creatures
  Grinder (D:5)
  Prince Ribbit (D:5)
  Sigmund (D:5)
  An acid dragon (D:5)
  A hornet zombie (D:6)
  A sky beast (D:5)
  Pargi (D:4)
  2 orc warriors
  A black bear (D:5)
  A centaur (D:5)
  4 ogres
  A necrophage (D:6)
  Blork the orc (D:4)
  A scorpion (D:4)
  A wyvern skeleton (D:5)
  A water moccasin skeleton (D:6)
  2 centaur zombies
  3 hounds
  3 orc priests
  A bullfrog skeleton (D:6)
  An iron imp (D:4)
  4 iguanas
  Natasha (thrice) (D:2)
  2 orc wizards
  4 gnolls (D:5)
  12 adders
  A white imp (D:6)
  An adder skeleton (D:4)
  2 dart slugs
  2 worms
  16 orcs
  6 bats
  9 endoplasms
  10 giant cockroaches
  6 goblins
  7 hobgoblins
  4 jackals (D:3)
  2 quokkas (D:2)
  9 ball pythons
  3 frilled lizards
  9 kobolds
  10 rats
152 creatures vanquished.

Vanquished Creatures (others)
  An angel (D:4)
  935 foxfires
936 creatures vanquished.

Grand Total: 1088 creatures vanquished

Notes
Turn   | Place    | Note
-------+----------+-------------------------------------------
     0 | D:1      | 101zpm the Djinni Fire Elementalist began the quest for the
                  | Orb.
     0 | D:1      | Reached XP level 1. HP: 15/15 MP: 0/0
   772 | D:1      | Reached XP level 2. HP: 20/21 MP: 0/0
  1662 | D:1      | Reached skill level 3 in Spellcasting
  1664 | D:1      | Reached XP level 3. HP: 21/25 MP: 0/0
  1664 | D:1      | Learned a level 1 spell: Sting
  2274 | D:1      | Found a faded altar of an unknown god.
  3443 | D:2      | Reached XP level 4. HP: 27/31 MP: 0/0
  3569 | D:2      | Noticed Natasha
  3573 | D:2      | Killed Natasha
  3678 | D:2      | Noticed Natasha
  3682 | D:2      | Killed Natasha
  3683 | D:2      | Reached skill level 4 in Spellcasting
  3683 | D:2      | Reached XP level 5. HP: 22/35 MP: 0/0
  3683 | D:2      | Learned a level 2 spell: Passwall
  4783 | D:2      | Noticed Natasha
  4787 | D:2      | Killed Natasha
  6599 | D:3      | Reached XP level 6. HP: 27/40 MP: 0/0
  6844 | D:4      | Noticed an angel
  6844 | D:4      | Noticed Blork the orc
  6844 | D:4      | Found a glowing silver altar of Zin.
  6844 | D:4      | Found a shimmering altar of Xom.
  6850 | D:4      | Killed Blork the orc
  6851 | D:4      | Reached skill level 5 in Spellcasting
  6851 | D:4      | Noticed an ogre
  6854 | D:4      | Killed an ogre
  6855 | D:4      | Reached XP level 7. HP: 27/45 MP: 0/0
  6855 | D:4      | Learned a level 2 spell: Call Imp
  6869 | D:5      | Entered Level 5 of the Dungeon
  7057 | D:5      | Noticed Sigmund
  7064 | D:5      | Killed Sigmund
  7065 | D:5      | Reached skill level 6 in Spellcasting
  7343 | D:5      | Reached XP level 8. HP: 47/50 MP: 0/0
  8051 | D:5      | Reached skill level 7 in Spellcasting
  8235 | D:5      | Noticed Prince Ribbit
  8239 | D:5      | Killed Prince Ribbit
  8425 | D:5      | Reached XP level 9. HP: 48/55 MP: 0/0
  8425 | D:5      | Learned a level 4 spell: Airstrike
  8582 | D:5      | Noticed Grinder
  8587 | D:5      | Paralysed by Grinder for 5 turns
  8588 | D:5      | Killed Grinder
  8589 | D:5      | Reached skill level 8 in Spellcasting
  9300 | D:4      | Killed an angel
  9493 | D:4      | Noticed Pargi
  9510 | D:4      | Reached skill level 9 in Spellcasting
  9512 | D:4      | Killed Pargi
 10022 | D:4      | Found a shadowy altar of Dithmenos.
 10911 | D:6      | Reached XP level 10. HP: 11/61 MP: 0/0
 10914 | D:6      | Identified the +3 ring mail "Kust" {Regen+ rCorr Int-4}
 10922 | D:6      | Killed from afar by an orc priest

Illustrated notes

Levels and vault maps discovered:
D:1:      dpeg_arrival_orchard, layout_basic, shapermc_ecumenical_altar_pompeii,
          corexii_leaking_fountain, minmay_tetromino_i4
D:2:      layout_basic, uniq_natasha
D:3:      layout_basic, mainiacjoe_overflow_alcove_4
D:4:      kennysheep_big_flooded_room, layout_basic,
          grunt_temple_overflow_order_and_chaos_1, demons_altar,
          mainiacjoe_overflow_catwalk, st_stairs_1,
          corexii_item_surrounded_by_moat, guppyfry_early_orc_mine, uniq_pargi,
          uniq_blork_the_orc
D:5:      layout_gridville, portal_sewer_entry_e, grunt_ministairs_9,
          uniq_sigmund, uniq_grinder, uniq_prince_ribbit1
D:6:      layout_rooms

Skill      XL: |  1  2  3  4  5  6  7  8  9 |
---------------+----------------------------+-----
Spellcasting   | 3 4 5 6 7 9 |  9.9
Stealth        | 2 3 |  3.6
Fighting       | |  0.3
Dodging        | |  2.6

Action                   |  1- 3 |  4- 6 |  7- 9 | 10-12 || total
-------------------------+-------+-------+-------+-------++-------
Melee: Unarmed           |     1 |       |     1 |       ||     2
 Cast: Foxfire           |   160 |   167 |   253 |     4 ||   584
       Scorch            |     8 |    24 |    26 |       ||    58
       Inner Flame       |       |    10 |    43 |     3 ||    56
       Call Imp          |       |       |     2 |       ||     2
       Airstrike         |       |       |     1 |       ||     1
Armor: Robe              |       |     2 |     2 |       ||     4
Dodge: Dodged            |     2 |     4 |    11 |       ||    17
